 Dungeon Crawl Stone Soup version 0.31.0-4-g52a2dc7128 (console) character file.

Game seed: 13131329310490724687

5616 AlterAsc the Grappler (level 10, -5/60 (68) HPs)
             Began as an Octopode Shapeshifter on Jan 24, 2024.
             Was an Elder of Okawaru.
             Slain by Josephine
             ... wielding a +0 dagger
              (10 damage)
             ... on level 10 of the Dungeon.
             The game lasted 00:36:54 (10558 turns).

AlterAsc the Grappler (Octopode Shapeshifter)      Turns: 10558, Time: 00:36:55

HP:   -5/60 (68)    AC:  1    Str: 17    XL:     10   Next: 73%
MP:   12/12         EV: 17    Int: 13    God:    Okawaru [****..]
Gold: 506           SH:  0    Dex: 24    Spells: 9/9 levels left

rFire   . .          .
                       - Unarmed
rCold   . . .        (no shield)
rNeg    . . .        (helmet currently unavailable)
rPois   .            (no amulet)
rElec   .            f - +6 ring of dexterity
rCorr   .            o - +6 ring of dexterity
SInv    +            y - ring of see invisible
Will    .....        (no ring)
Stlth   +++          (no ring)
HPRegen 0.30/turn    (no ring)
MPRegen 0.13/turn    (no ring)
                     (no ring)

%: no passive effects
@: about to teleport, beast-form, heavily drained
A: beast (slay +4), almost no armour, amphibious, 8 rings, camouflage 1,
gelatinous body 1, (nimble swimmer 1), tentacles
a: Begin Untransformation, Renounce Religion, Heroism, Finesse


You were on level 10 of the Dungeon.
You worshipped Okawaru.
Okawaru was greatly pleased with you.
You were a hulking beast.
You visited 1 branch of the dungeon, and saw 11 of its levels.

You collected 506 gold pieces.

Inventory:

Hand Weapons
 d - the +2 dagger of the Evening {venom, rElec rC+}
   (You found it on level 3 of the Dungeon)

   rC+:       It protects you from cold.
   rElec:     It insulates you from electricity.
Missiles
 k - 2 stones (quivered)
 s - 16 poisoned darts
 A - a curare-tipped dart
Jewellery
 f - a +6 ring of dexterity (left tentacle)
 o - a +6 ring of dexterity (right tentacle)
 y - a ring of see invisible (on tentacle)
Talismans
 b - a beast talisman
 c - a flux talisman
Wands
 g - a wand of flame (12)
 p - a wand of charming (19)
Scrolls
 a - a scroll of torment
 e - 2 scrolls of noise
 i - 4 scrolls of revelation
 j - a scroll of fog
 l - 3 scrolls of enchant armour
 r - 3 scrolls of immolation
 t - a scroll of enchant weapon
 u - 2 scrolls of teleportation
 v - a scroll of amnesia
 w - 4 scrolls of vulnerability
Potions
 h - 4 potions of curing
 m - a potion of magic
 n - a potion of attraction
 z - a potion of haste {unknown}
 B - a potion of might {unknown}


   Skills:
 - Level 6.0 Fighting
 + Level 5.6 Dodging
 - Level 11.3 Unarmed Combat
 - Level 3.0 Invocations
 * Level 7.5 Shapeshifting


You had 9 spell levels left.
You didn't know any spells.
Your spell library contained the following spells:

 Spells                   Type           Power      Damage    Failure   Level
 Apportation              Tloc           0%         N/A       30%         1
 Necrotise                Necr           0%         1d4       30%         1
 Slow                     Hex            0%         N/A       30%         1
 Sting                    Conj/Alch      0%         1d3       30%         1
 Confusing Touch          Hex            0%         N/A       67%         3
 Sigil of Binding         Hex            0%         N/A       67%         3
 Vampiric Draining        Necr           0%         2d6       67%         3
 Volatile Blastmotes      Fire/Tloc      0%         2d10      67%         3
 Fulminant Prism          Conj/Alch      0%         3d5       97%         4
 Iskenderun's Mystic Bla  Conj/Tloc      0%         2d3       97%         4
 Summon Small Mammal      Summ           Unusable   N/A       N/A         1

Dungeon Overview and Level Annotations

Branches:
Dungeon (11/15)            Temple (0/1) D:5            Lair (0/5) D:10
    Orc: D:9-12

Altars:
Ashenzari
Cheibriados
Elyvilon
Fedhas
Gozag
Hepliaklqana
Okawaru
Qazlal
Ru
Sif Muna
Uskayaw
Vehumet
Xom
The Shining One

Shops:
D:4 (   D:5 (   D:6 =   D:7 [

Annotations:
D:7 Maggie
D:10 Josephine


Innate Abilities, Weirdness & Mutations

You are a hulking beast.
Your limbs bulge with bestial killing power. (Slay +4)
You cannot wear most types of armour.
You are amphibious.
You can wear up to eight rings at the same time.
Your skin changes colour to match your surroundings (Stealth+).
Your rubbery body absorbs attacks. (AC +1, EV +1)
((You are camouflaged when in or above water. (Stealth+)))
You have tentacles for arms and can constrict up to eight enemies at once.


Message History

You start resting.
HP restored.
Josephine the Decaying Necromancer comes into view.
She is wielding a +0 dagger.
Press: ? - help, v - describe, . - travel The floor.
Throw: 2 stones
Press: ? - help, Q - select action, (/) - cycle Shift-Dir - straight line, f - Josephine
Aim: Josephine, wielding a +0 dagger and wearing a +0 robe (wandering, hasn't noticed you, 69% to hit)
Okay, then.
Josephine shouts!
You see here a +0 pair of gloves.
There is a stone staircase leading down here.
You climb downwards.
Found a spear.
There is a stone staircase leading up here.
The yak bellows!
You hear a bellow!
You climb upwards.
Level annotation: Josephine Josephine gestures at you while chanting.
The ghostly flame explodes!
The ghostly fireball engulfs you!!
You feel drained. Josephine casts a spell at you.
The ghostly flame explodes!
The ghostly fireball engulfs you!!
You feel drained.
* * * LOW HITPOINT WARNING * * *
There is a stone staircase leading down here.
Blink to where?
Press: ? - help, Dir - move target
As you read the scroll of blinking, it crumbles to dust.
As you read the scroll of teleportation, it crumbles to dust.
You feel strangely unstable.
Found 9 gold pieces.
Your surroundings seem slightly different.
As you read the scroll of teleportation, it crumbles to dust.
You feel strangely unstable.
A wraith comes into view.
Josephine hits you with a +0 dagger!
* * * LOW HITPOINT WARNING * * *
You closely miss Josephine. Your grab misses Josephine.
You tentacle-slap Josephine.
Josephine is lightly wounded.
Josephine hits you with a +0 dagger!
You die...

.. ....#####
...$....# #§##
#..#### ######
##....#####....#
####..........#
##...##....#
#..h##....#
#.@.##....# ).#
#####...####.##
..### #.......#
#.# ...###.###...#
#.# ## #.....
#.[.>.# #.#
.####..#####.#####
#.# .......##.†W.#
####.#
##.......@####
#....##
............###
#.....#
.#............#
#.....##


You could see Josephine and a wraith.

Vanquished Creatures
  Pikel (D:5)
  Jeremiah (D:7)
  Grinder (D:3)
  A shadow (D:10)
  A wyvern (D:7)
  2 wraiths (D:10)
  2 vampire mosquitoes (D:10)
  3 steam dragons
  Edmund (D:5)
  A water moccasin (D:7)
  3 orc warriors
  3 black bears
  A sky beast (D:6)
  An ogre (D:6)
  3 centaurs
  4 lemures (D:5)
  2 phantoms
  The ghost of Noisytoot the Conjurer, an amateur GrCj (D:3)
  2 kobold brigands
  2 bullfrogs (D:7)
  4 scorpions
  A wight (D:9)
  12 killer bees
  2 howler monkeys
  A bombardier beetle (D:6)
  3 hounds
  2 jellies
  6 orc priests
  A gnoll bouda (D:7)
  A sleepcap (D:5)
  10 orc wizards
  6 adders
  7 gnolls
  A dart slug (D:1)
  30 orcs
  2 bats (D:3)
  5 endoplasms
  7 giant cockroaches
  6 goblins
  5 hobgoblins
  11 jackals
  5 quokkas
  3 training dummies (D:4)
  9 ball pythons
  2 frilled lizards (D:1)
  21 kobolds
  4 rats
203 creatures vanquished.

Vanquished Creatures (others)
  An orc wizard (D:5)
  2 orcs (D:8)
3 creatures vanquished.

Grand Total: 206 creatures vanquished

Notes
Turn   | Place    | Note
-------+----------+-------------------------------------------
     0 | D:1      | AlterAsc the Octopode Shapeshifter began the quest for the
                  | Orb.
     0 | D:1      | Reached XP level 1. HP: 13/13 MP: 1/1
   151 | D:1      | Reached XP level 2. HP: 17/18 MP: 2/2
   329 | D:1      | Reached skill level 4 in Unarmed Combat
   446 | D:1      | Reached XP level 3. HP: 20/23 MP: 3/3
  1001 | D:2      | Reached XP level 4. HP: 28/28 MP: 4/4
  1071 | D:3      | Noticed Noisytoot's ghost (amateur GrCj)
  1081 | D:3      | Found a runed translucent door.
  1195 | D:3      | Found an opulent altar of Gozag.
  1225 | D:3      | Reached skill level 5 in Unarmed Combat
  1507 | D:3      | Noticed Grinder
  1577 | D:4      | Found a hide-covered altar of Uskayaw.
  1687 | D:4      | Reached XP level 5. HP: 13/33 MP: 5/5
  1849 | D:4      | Reached skill level 6 in Unarmed Combat
  1957 | D:4      | Reached XP level 6. HP: 38/38 MP: 6/6
  2161 | D:4      | Found an iron altar of Okawaru.
  2167 | D:4      | Became a worshipper of Warmaster Okawaru
  2466 | D:4      | Found Ihu Itsohy's Firing Range.
  2613 | D:5      | Entered Level 5 of the Dungeon
  2635 | D:5      | Reached skill level 7 in Unarmed Combat
  2652 | D:5      | Noticed Edmund
  2663 | D:5      | Found a staircase to the Ecumenical Temple.
  2665 | D:5      | Noticed a black bear
  2686 | D:5      | Killed a black bear
  2687 | D:5      | Reached XP level 7. HP: 38/43 MP: 7/7
  2761 | D:5      | Reached * piety under Okawaru
  2762 | D:5      | Reached skill level 8 in Unarmed Combat
  3493 | D:5      | Noticed Pikel
  3554 | D:6      | Reached skill level 9 in Unarmed Combat
  3673 | D:6      | Reached XP level 8. HP: 39/48 MP: 8/8
  3854 | D:6      | Found Ygreorpho's Jewellery Emporium.
  4260 | D:6      | Reached skill level 10 in Unarmed Combat
  4878 | D:5      | Found Helaran's Antique Weapon Shop.
  5145 | D:5      | Reached ** piety under Okawaru
  5205 | D:5      | Found a shimmering blue altar of Sif Muna.
  5524 | D:7      | Noticed Maggie
  5690 | D:7      | Found a glowing golden altar of the Shining One.
  5860 | D:3      | Found a radiant altar of Vehumet.
  5955 | D:3      | Found a blossoming altar of Fedhas.
  6048 | D:3      | Identified the +2 dagger of the Evening {venom, rElec rC+}
  6167 | D:3      | Found a hazy altar of Hepliaklqana.
  6217 | D:3      | Killed Grinder
  6218 | D:3      | Reached XP level 9. HP: 41/57 MP: 9/9
  6330 | D:3      | Killed Noisytoot's ghost
  6480 | D:5      | Killed Edmund
  6705 | D:5      | Killed Pikel
  6705 | D:5      | Reached *** piety under Okawaru
  6706 | D:5      | Reached skill level 11 in Unarmed Combat
  7213 | D:7      | Reached skill level 5 in Dodging
  7327 | D:7      | Reached skill level 5 in Fighting
  7327 | D:7      | Reached skill level 1 in Invocations
  7435 | D:7      | Found Demeaq's Antique Armour Shoppe.
  7509 | D:7      | Noticed Jeremiah
  7544 | D:7      | Killed Jeremiah
  7716 | D:7      | Reached XP level 10. HP: 63/67 MP: 10/12
  8175 | D:8      | Paralysed by a hornet for 3 turns
  8177 | D:8      | HP: 3/68 [hornet (15)]
  8669 | D:8      | Reached skill level 5 in Shapeshifting
  8723 | D:8      | Reached **** piety under Okawaru
  9795 | D:9      | Found a sacrificial altar of Ru.
  9844 | D:9      | Found a white marble altar of Elyvilon.
  9918 | D:9      | Found a shimmering altar of Xom.
 10003 | D:9      | Found a stormy altar of Qazlal.
 10012 | D:9      | Found a snail-covered altar of Cheibriados.
 10075 | D:10     | Entered Level 10 of the Dungeon
 10092 | D:10     | Found a staircase to the Lair.
 10333 | D:10     | Found a broken altar of Ashenzari.
 10415 | D:10     | Identified the +6 flail "Pilovom" {heavy, rF- Will++ Str+2}
 10542 | D:10     | Noticed Josephine
 10558 | D:10     | Slain by Josephine

Illustrated notes

Levels and vault maps discovered:
D:1:      psy_arrival_heroes, layout_basic
D:2:      layout_basic
D:3:      layout_basic, lemuel_crystal_altar, worldfamousw_hep_ancestral_shrine,
          mainiacjoe_overflow_cross_hatched, fedhas_altar_2,
          hellmonk_ghost_happy_afterlife, kennysheep_decorative_pillar,
          nicolae_hexahallways, kennysheep_generic_room_14, uniq_grinder
D:4:      layout_basic, marbit_many_paths, nicolae_uskayaw_dance_hall,
          nicolae_shop_firing_range
D:5:      layout_basic, mainiacjoe_overflow_paths, minmay_temple_entry_mist,
          serial_shops, nicolae_stop_n_shop_1, hangedman_decor_slide_cut,
          nrook_uturn, uniq_edmund, uniq_pikel
D:6:      layout_layer_cave, serial_shops, nicolae_shop_gaudy_bauble
D:7:      layout_cave_pods, nicolae_overflow_crystal_walls, serial_shops,
          nicolae_shop_hallway_plus, minmay_strange_pillars, uniq_jeremiah,
          uniq_maggie
D:8:      layout_rooms
D:9:      layout_rooms, kennysheep_little_box, mainiacjoe_overflow_brackets,
          amethyst_overflow_temple_binary, overflow_temple_1_default,
          kennysheep_generic_room_13
D:10:     layout_rooms, ashenzari_conservatory_becter, lair_entry_dummy,
          uniq_sonja, uniq_josephine
D:11:     layout_rooms, uniq_psyche, uniq_grum, uniq_harold, uniq_gastronok

Skill      XL: |  1  2  3  4  5  6  7  8  9 10 |
---------------+-------------------------------+-----
Unarmed Combat | 4 5 6 7 9 10 11 | 11.3
Fighting       | 3 5 6 |  6.0
Dodging        | 3 5 |  5.6
Invocations    | 2 3 |  3.0
Shapeshifting  | 4 7 |  7.5

Action                     |  1- 3 |  4- 6 |  7- 9 | 10-12 || total
---------------------------+-------+-------+-------+-------++-------
  Melee: Unarmed           |    59 |    76 |   178 |   114 ||   427
         Constrict         |    21 |    22 |    36 |    32 ||   111
         Tentacles         |     8 |    19 |    40 |    26 ||    93
         Punch             |     1 |     5 |    12 |    12 ||    30
  Throw: Dart              |       |    23 |    10 |       ||    33
         Stone             |       |     2 |    54 |    27 ||    83
         Throwing net      |       |       |     2 |       ||     2
  Evoke: Wand              |       |       |     3 |       ||     3
    Use: Potion            |       |       |     4 |     1 ||     5
         Scroll            |       |       |    13 |    12 ||    25
   Stab: Sleeping          |     8 |     9 |     6 |     2 ||    25
 Armour: Skin              |    14 |    22 |    77 |    51 ||   164
  Dodge: Dodged            |    29 |    31 |   100 |    83 ||   243
